Sharks vs Predators
Created - 10 février 2015 at 19:02
Goals
|
| Sharks |
1 |
1 |
0 |
2 |
| Predators |
0 |
1 |
0 |
1 |
|
Shots
|
| Sharks |
5 |
5 |
5 |
15 |
| Predators |
7 |
8 |
2 |
17 |
|
1st period
1. Sharks , Brandon Yip 13 (Adam Mair) at 16:21
Penalties :
Martin Samuelsson (SJS) for Interference (Minor) at 13:34, Danny Richmond (Nas) for Interference (Minor) at 16:44
2nd period
2. Sharks , Alex Pietrangelo 12 (David Legwand, Lasse Kukkonen) at 16:15 (PP)
3. Predators , Oleg Saprykin 17 (Andy Miele) at 17:57
Penalties :
Joe Thornton (Nas) for Boarding (Minor) at 6:08, Ted Purcell (SJS) for Holding (Minor) at 9:33, Kent Huskins (Nas) for Tripping (Minor) at 16:01, Joe Thornton (Nas) for Holding (Minor) at 18:33
3rd period
No Goal
Penalties :
Markus Naslund (SJS) for Holding Stick (Minor) at 0:11, Andy Miele (Nas) for Slashing (Minor) at 4:16
Goalie Stats
Tyler Weiman (SJS), 16 saves from 17 shots - (0,941), W, 15-17-2, 60:00 minutes
Kari Lehtonen (Nas), 13 saves from 15 shots - (0,867), L, 21-18-3, 59:06 minutes
Players Stats for Sharks
Player Name G A P +/- PIM S H SB GA TA FO MP PP MP PK MP
------------------------------------------------------------------------------------
Adam Mair 0 1 1 1 0 0 2 0 0 0 1/1 9:42 0:05 0:00
Adam Pardy 0 0 0 0 0 0 1 0 0 0 0/0 7:29 0:00 0:00
Alex Pietrangelo 1 0 1 -1 0 2 1 0 0 0 0/0 19:15 5:22 0:10
Antoine Vermette 0 0 0 0 0 2 0 0 0 0 3/5 18:36 3:34 2:54
Brandon Yip 1 0 1 1 0 1 3 0 0 0 0/0 17:29 3:34 0:00
Curtis Glencross 0 0 0 1 0 0 2 1 0 0 0/0 10:29 0:00 1:07
Daniel Alfredsson 0 0 0 0 0 0 3 0 1 0 0/0 19:15 4:10 1:36
David Hale 0 0 0 0 0 0 1 1 1 1 0/0 20:09 2:27 2:12
David Legwand 0 1 1 0 0 2 5 0 0 1 10/22 21:11 4:10 3:01
Francis Bouillon 0 0 0 1 0 0 1 1 0 0 0/0 16:34 0:00 2:12
Johnny Boychuk 0 0 0 -1 0 0 2 0 0 0 0/0 18:42 2:27 3:23
Kyle Wellwood 0 0 0 -1 0 1 1 0 3 0 1/2 13:50 0:00 1:36
Lasse Kukkonen 0 1 1 0 0 3 1 2 0 0 0/0 23:43 4:55 3:15
Markus Naslund 0 0 0 0 2 2 1 0 0 1 2/2 17:55 4:09 0:45
Martin Samuelsson 0 0 0 0 2 0 3 0 0 0 1/1 17:36 3:27 0:13
Shaone Morrisonn 0 0 0 1 0 0 0 0 0 0 0/0 15:06 0:27 0:00
Ted Purcell 0 0 0 -1 2 1 0 2 1 0 0/0 15:25 0:17 0:00
Troy Brouwer 0 0 0 -1 0 1 0 0 0 0 0/0 11:34 0:00 0:00
Players Stats for Predators
Player Name G A P +/- PIM S H SB GA TA FO MP PP MP PK MP
------------------------------------------------------------------------------------
Alexander Edler 0 0 0 -1 0 2 0 1 1 0 0/0 25:09 3:24 4:44
Alexander Ovechkin 0 0 0 0 0 4 1 0 1 2 0/0 22:14 2:59 4:14
Alexander Steen 0 0 0 0 0 0 3 0 0 0 0/0 16:55 2:37 1:42
Andy Miele 0 1 1 1 2 0 1 1 0 1 2/3 10:20 0:00 0:00
Barret Jackman 0 0 0 0 0 0 2 0 0 0 0/0 13:50 0:00 0:00
Brad Boyes 0 0 0 0 0 0 2 0 0 0 0/0 15:02 2:37 0:00
Danny Richmond 0 0 0 1 2 2 4 1 0 0 0/0 19:20 2:12 2:12
Georges Laraque 0 0 0 1 0 0 5 1 0 0 0/0 13:35 0:00 1:14
Jeremy Williams 0 0 0 -1 0 0 1 0 0 0 0/0 8:24 0:00 0:00
Joe Thornton 0 0 0 0 4 2 1 0 0 1 7/19 20:34 2:59 2:28
Josef Vasicek 0 0 0 0 0 1 1 1 0 0 1/2 18:32 2:37 2:47
Kent Huskins 0 0 0 0 2 0 2 0 0 0 0/0 13:14 0:00 1:10
Kris Vernarsky 0 0 0 -1 0 2 1 0 0 1 1/4 10:46 0:01 0:27
Michael Grabner 0 0 0 0 0 0 2 0 1 0 4/5 19:23 2:58 2:29
Oleg Saprykin 1 0 1 0 0 2 2 0 0 0 0/0 15:55 0:00 0:17
Paul Mara 0 0 0 0 0 1 1 0 0 0 0/0 5:28 0:00 0:00
Robyn Regehr 0 0 0 1 0 0 1 0 0 0 0/0 17:36 2:12 3:05
Ryan Mcdonagh 0 0 0 -1 0 1 0 3 0 1 0/0 25:28 3:24 4:27
3 Stars
1 - Brandon Yip (SJS)
2 - Oleg Saprykin (Nas)
3 - Tyler Weiman (SJS)
Power Play
Sharks - 1 on 5 Attempt(s) - 20,00%
Predators - 0 on 3 Attempt(s) - 0,00%
Penalty Kill
Sharks - 3 on 3 Attempt(s) - 100,00%
- Score 0 goal in Penalty Kill
Predators - 4 on 5 Attempt(s) - 80,00%
- Score 0 goal in Penalty Kill
Team Stat
Sharks - Hits : 27 - Faceoff Wins : 18 - Blocked Shots : 7 - Penalty Minutes : 6
Predators - Hits : 30 - Faceoff Wins : 15 - Blocked Shots : 8 - Penalty Minutes : 10
Official
Referees : Meier Brad and Leggo Mike
Linesman : Scott Cherrey and Tony Sericolo
Game Notes
16:15 of 2nd period - Sharks goal is going for a video replay. After video review, Goal.
Finance
Level 1 -- Attendance: 6000 (100,00%) -- Ticket Income 522 000 $
Level 2 -- Attendance: 3963 (79,26%) -- Ticket Income 225 891 $
Level 3 -- Attendance: 1844 (92,20%) -- Ticket Income 59 008 $
Level 4 -- Attendance: 3629 (90,73%) -- Ticket Income 76 209 $
Luxury Box -- Attendance: 805 (80,50%) -- Ticket Income 150 535 $
Game was played at the Wildcat center'
Total Attendance: 16241 (90,23%)
Total Ticket Income: 1 033 643 $
Other Income: 155 046 $
Total Income: 1 188 689 $
Sharks
5 vs 5 Forward
Center Left Wing Right Wing Time % Phy DF OF
1 David Legwand Markus Naslund Daniel Alfredsson 40 0 2 3
2 Antoine Vermette Martin Samuelsson Brandon Yip 30 0 2 3
3 Kyle Wellwood Troy Brouwer Ted Purcell 20 1 2 2
4 Adam Mair Curtis Glencross Brandon Yip 10 1 2 2
5 vs 5 Defense
Defense Defense Time % Phy DF OF
1 Lasse Kukkonen David Hale 40 1 2 2
2 Johnny Boychuk Alex Pietrangelo 30 1 2 2
3 Shaone Morrisonn Francis Bouillon 20 1 2 2
4 Alex Pietrangelo Adam Pardy 10 1 2 2
PowerPlay Forward
Center Left Wing Right Wing Time % Phy DF OF
1 David Legwand Markus Naslund Daniel Alfredsson 60 1 2 2
2 Antoine Vermette Martin Samuelsson Brandon Yip 40 1 2 2
PowerPlay Defense
Defense Defense Time % Phy DF OF
1 Lasse Kukkonen Alex Pietrangelo 60 1 2 2
2 David Hale Johnny Boychuk 40 1 2 2
Penalty Kill 4 Players Forward
Center Wing Time % Phy DF OF
1 David Legwand Antoine Vermette 60 1 4 0
2 Daniel Alfredsson Kyle Wellwood 40 1 4 0
Penalty Kill 4 Players Defense
Defense Defense Time % Phy DF OF
1 Lasse Kukkonen Johnny Boychuk 60 1 4 0
2 David Hale Francis Bouillon 40 1 4 0
Penalty Kill - 3 Players Forward
Forward Time % Phy DF OF
1 David Legwand 60 1 4 0
2 Antoine Vermette 40 1 4 0
Penalty Kill - 3 Players Defense
Defense Defense Time % Phy DF OF
1 Lasse Kukkonen Johnny Boychuk 60 1 4 0
2 David Hale Francis Bouillon 40 1 4 0
4 vs 4 Forward
Center Wing Time % Phy DF OF
1 David Legwand Antoine Vermette 60 1 2 2
2 Daniel Alfredsson Kyle Wellwood 40 1 2 2
4 vs 4 Defense
Defense Defense Time % Phy DF OF
1 Lasse Kukkonen Alex Pietrangelo 60 1 2 2
2 David Hale Johnny Boychuk 40 1 2 2
Last Minutes Offensive
Center Left Wing Right Wing Defense Defense
David Legwand Markus Naslund Daniel Alfredsson Lasse Kukkonen Alex Pietrangelo
Last Minutes Defensive
Center Left Wing Right Wing Defense Defense
David Legwand Markus Naslund Daniel Alfredsson Lasse Kukkonen Johnny Boychuk
Goaltenders
Starting : Tyler Weiman
Backup : Mike Brodeur
Extra Forwards
Normal : Ted Purcell, Adam Mair, Curtis Glencross - PP : Ted Purcell, Adam Mair - PK : Curtis Glencross
Extra Defensemen
Normal : Alex Pietrangelo, David Hale, Shaone Morrisonn - PP : Shaone Morrisonn - PK : Alex Pietrangelo, Adam Pardy
Penalty Shots
David Legwand, Antoine Vermette, Daniel Alfredsson, Kyle Wellwood, Markus Naslund
Predators
5 vs 5 Forward
Center Left Wing Right Wing Time % Phy DF OF
1 Joe Thornton Alexander Ovechkin Michael Grabner 40 1 2 2
2 Josef Vasicek Alexander Steen Brad Boyes 30 1 2 2
3 Andy Miele Oleg Saprykin Georges Laraque 20 1 2 2
4 Kris Vernarsky Oleg Saprykin Jeremy Williams 10 1 2 2
5 vs 5 Defense
Defense Defense Time % Phy DF OF
1 Alexander Edler Ryan Mcdonagh 40 1 2 2
2 Robyn Regehr Danny Richmond 30 1 2 2
3 Barret Jackman Kent Huskins 20 1 2 2
4 Paul Mara Danny Richmond 10 1 2 2
PowerPlay Forward
Center Left Wing Right Wing Time % Phy DF OF
1 Joe Thornton Alexander Ovechkin Michael Grabner 60 1 2 2
2 Josef Vasicek Alexander Steen Brad Boyes 40 1 2 2
PowerPlay Defense
Defense Defense Time % Phy DF OF
1 Alexander Edler Ryan Mcdonagh 60 1 2 2
2 Robyn Regehr Danny Richmond 40 1 2 2
Penalty Kill 4 Players Forward
Center Wing Time % Phy DF OF
1 Joe Thornton Alexander Ovechkin 60 1 2 2
2 Josef Vasicek Georges Laraque 40 1 2 2
Penalty Kill 4 Players Defense
Defense Defense Time % Phy DF OF
1 Alexander Edler Ryan Mcdonagh 60 1 2 2
2 Robyn Regehr Danny Richmond 40 1 2 2
Penalty Kill - 3 Players Forward
Forward Time % Phy DF OF
1 Alexander Ovechkin 60 1 2 2
2 Georges Laraque 40 1 2 2
Penalty Kill - 3 Players Defense
Defense Defense Time % Phy DF OF
1 Alexander Edler Ryan Mcdonagh 60 1 2 2
2 Robyn Regehr Danny Richmond 40 1 2 2
4 vs 4 Forward
Center Wing Time % Phy DF OF
1 Joe Thornton Alexander Ovechkin 60 1 2 2
2 Josef Vasicek Alexander Steen 40 1 2 2
4 vs 4 Defense
Defense Defense Time % Phy DF OF
1 Alexander Edler Ryan Mcdonagh 60 1 2 2
2 Robyn Regehr Danny Richmond 40 1 2 2
Last Minutes Offensive
Center Left Wing Right Wing Defense Defense
Joe Thornton Alexander Ovechkin Brad Boyes Alexander Edler Ryan Mcdonagh
Last Minutes Defensive
Center Left Wing Right Wing Defense Defense
Joe Thornton Alexander Ovechkin Georges Laraque Ryan Mcdonagh Danny Richmond
Goaltenders
Starting : Kari Lehtonen
Backup : Corey Crawford
Extra Forwards
Normal : Kris Vernarsky, Oleg Saprykin, Michael Grabner - PP : Kris Vernarsky, Oleg Saprykin - PK : Michael Grabner
Extra Defensemen
Normal : Danny Richmond, Barret Jackman, Kent Huskins - PP : Ryan Mcdonagh - PK : Danny Richmond, Kent Huskins
Penalty Shots
Alexander Ovechkin, Michael Grabner, Alexander Steen, Brad Boyes, Joe Thornton
% Time on Ice - Sharks
Lines # - Real PCT - Wanted PCT - Time Play
Normal Forward
1 - 28% - 40% - 12:47
2 - 32% - 30% - 14:34
3 - 25% - 20% - 11:12
4 - 14% - 10% - 6:26
Normal Defense
1 - 36% - 40% - 16:16
2 - 24% - 30% - 10:36
3 - 29% - 20% - 13:03
4 - 11% - 10% - 5:04
PP Forward
1 - 53% - 60% - 4:10
2 - 47% - 40% - 3:39
PP Defense
1 - 69% - 60% - 5:22
2 - 31% - 40% - 2:27
PK Forward
1 - 71% - 60% - 4:00
2 - 29% - 40% - 1:36
PK Defense
1 - 61% - 60% - 3:24
2 - 39% - 40% - 2:12
PK3 Forward
1 - 0% - 60%
2 - 0% - 40%
PK3 Defense
1 - 0% - 60%
2 - 0% - 40%
44 Forward
1 - 100% - 60% - 0:21
2 - 0% - 40% - 0:00
44 Defense
1 - 100% - 60% - 0:21
2 - 0% - 40% - 0:00
Last Minute Offensive - 0:00
Last Minute Defensive - 1:15
Total
Forward - 60:00
Defense - 60:00
|
% Time on Ice - Predators
Lines # - Real PCT - Wanted PCT - Time Play
Normal Forward
1 - 29% - 40% - 12:53
2 - 34% - 30% - 15:30
3 - 22% - 20% - 10:05
4 - 14% - 10% - 6:31
Normal Defense
1 - 34% - 40% - 15:17
2 - 27% - 30% - 12:19
3 - 26% - 20% - 11:55
4 - 12% - 10% - 5:28
PP Forward
1 - 53% - 60% - 2:59
2 - 47% - 40% - 2:37
PP Defense
1 - 61% - 60% - 3:24
2 - 39% - 40% - 2:12
PK Forward
1 - 84% - 60% - 6:35
2 - 16% - 40% - 1:14
PK Defense
1 - 61% - 60% - 4:44
2 - 39% - 40% - 3:05
PK3 Forward
1 - 0% - 60%
2 - 0% - 40%
PK3 Defense
1 - 0% - 60%
2 - 0% - 40%
44 Forward
1 - 100% - 60% - 0:21
2 - 0% - 40% - 0:00
44 Defense
1 - 100% - 60% - 0:21
2 - 0% - 40% - 0:00
Last Minute Offensive - 1:15
Last Minute Defensive - 0:00
Total
Forward - 60:00
Defense - 60:00
|
Play by Play
1st period
0:01 of 1st period - Markus Naslund wins face-off versus Joe Thornton in neutral zone.
0:10 of 1st period - Slapshot by Alexander Edler.
0:10 of 1st period - Shot Blocked by Lasse Kukkonen.
0:26 of 1st period - Josef Vasicek is hit by Martin Samuelsson and loses puck.
0:47 of 1st period - Wrist shot by Ted Purcell.
0:47 of 1st period - Shot Blocked by Georges Laraque.
1:07 of 1st period - Wrist shot by Alexander Ovechkin.
1:07 of 1st period - Shot Blocked by Francis Bouillon.
2:28 of 1st period - Oleg Saprykin is hit by David Legwand and loses puck.
2:51 of 1st period - Wrist shot by Joe Thornton.
2:51 of 1st period - Stopped by Tyler Weiman with a rebound.
3:46 of 1st period - Markus Naslund is hit by Brad Boyes and loses puck.
3:59 of 1st period - David Hale is hit by Danny Richmond.
4:11 of 1st period - Oleg Saprykin is hit by Daniel Alfredsson and loses puck.
4:16 of 1st period - Wrist shot by Daniel Alfredsson.
4:16 of 1st period - Shot Blocked by Danny Richmond.
4:40 of 1st period - Josef Vasicek is hit by Daniel Alfredsson and loses puck.
5:33 of 1st period - Georges Laraque is hit by David Legwand and loses puck.
5:48 of 1st period - Lasse Kukkonen is hit by Brad Boyes and loses puck.
6:03 of 1st period - Kent Huskins is hit by Curtis Glencross and loses puck.
7:38 of 1st period - David Hale is hit by Alexander Steen and loses puck.
8:17 of 1st period - Joe Thornton is hit by Markus Naslund and loses puck.
8:37 of 1st period - Ted Purcell is hit by Andy Miele and loses puck.
8:50 of 1st period - Alexander Edler is hit by Martin Samuelsson and loses puck.
11:42 of 1st period - Antoine Vermette is hit by Georges Laraque and loses puck.
12:08 of 1st period - Markus Naslund is hit by Alexander Steen and loses puck.
13:11 of 1st period - Slapshot by Lasse Kukkonen.
13:11 of 1st period - Stopped by Kari Lehtonen with a rebound.
13:19 of 1st period - Martin Samuelsson is hit by Georges Laraque and loses puck.
13:34 of 1st period - Minor Penalty to Martin Samuelsson for Interference.
13:35 of 1st period - David Legwand wins face-off versus Joe Thornton in Sharks zone.
14:12 of 1st period - Slapshot by Alexander Edler.
14:12 of 1st period - Stopped by Tyler Weiman with a rebound.
14:14 of 1st period - Slapshot by Ryan Mcdonagh.
14:14 of 1st period - Shot Misses the Net.
14:16 of 1st period - Snap shot by Josef Vasicek.
14:16 of 1st period - Stopped by Tyler Weiman with a rebound.
15:34 of 1st period - Penalty to Martin Samuelsson is over, Martin Samuelsson is back on ice.
15:34 of 1st period - Wrist shot by Kyle Wellwood.
15:34 of 1st period - Shot Misses the Net.
15:36 of 1st period - Snap shot by Kyle Wellwood.
15:36 of 1st period - Stopped by Kari Lehtonen with a rebound.
15:54 of 1st period - Wrist shot by Kris Vernarsky.
15:54 of 1st period - Stopped by Tyler Weiman with a rebound.
16:10 of 1st period - Snap shot by Daniel Alfredsson.
16:10 of 1st period - Shot Misses the Net.
16:15 of 1st period - Icing by Ryan Mcdonagh.
16:16 of 1st period - Adam Mair wins face-off versus Kris Vernarsky in Predators zone.
16:21 of 1st period - Backhand shot by Brandon Yip.
16:21 of 1st period - Goal by Brandon Yip - Sharks : 1 - Predators : 0.
16:22 of 1st period - Antoine Vermette wins face-off versus Joe Thornton in neutral zone.
16:25 of 1st period - Alexander Ovechkin is hit by Brandon Yip and loses puck.
16:44 of 1st period - Minor Penalty to Danny Richmond for Interference.
16:45 of 1st period - Markus Naslund wins face-off versus Joe Thornton in Predators zone.
16:48 of 1st period - Slapshot by David Legwand.
16:48 of 1st period - Shot Misses the Net.
16:52 of 1st period - Wrist shot by Markus Naslund.
16:52 of 1st period - Shot Misses the Net.
16:54 of 1st period - Snap shot by Markus Naslund.
16:54 of 1st period - Stopped by Kari Lehtonen with a rebound.
17:16 of 1st period - Slapshot by Alex Pietrangelo.
17:16 of 1st period - Shot Misses the Net.
17:28 of 1st period - Kent Huskins is hit by Alex Pietrangelo and loses puck.
17:43 of 1st period - Wrist shot by Martin Samuelsson.
17:43 of 1st period - Shot Misses the Net.
18:19 of 1st period - Wrist shot by Antoine Vermette.
18:19 of 1st period - Shot Blocked by Ryan Mcdonagh.
18:21 of 1st period - Wrist shot by Brandon Yip.
18:21 of 1st period - Deflect By Antoine Vermette.
18:21 of 1st period - Shot Misses the Net.
18:21 of 1st period - Puck is out of play.
18:22 of 1st period - Joe Thornton wins face-off versus David Legwand in Predators zone.
18:44 of 1st period - Penalty to Danny Richmond is over, Danny Richmond is back on ice.
18:51 of 1st period - Danny Richmond is hit by Johnny Boychuk.
18:58 of 1st period - Snap shot by Danny Richmond.
18:58 of 1st period - Shot Blocked by David Hale.
19:04 of 1st period - Snap shot by Josef Vasicek.
19:04 of 1st period - Shot Misses the Net.
19:06 of 1st period - Slapshot by Paul Mara.
19:06 of 1st period - Stopped by Tyler Weiman with a rebound.
19:08 of 1st period - Slapshot by Danny Richmond.
19:08 of 1st period - Stopped by Tyler Weiman with a rebound.
19:24 of 1st period - Snap shot by Troy Brouwer.
19:24 of 1st period - Stopped by Kari Lehtonen without a rebound.
19:25 of 1st period - Joe Thornton wins face-off versus David Legwand in Predators zone.
19:34 of 1st period - Slapshot by Danny Richmond.
19:34 of 1st period - Deflect By Alexander Ovechkin.
19:34 of 1st period - Stopped by Tyler Weiman without a rebound.
19:35 of 1st period - David Legwand wins face-off versus Joe Thornton in Sharks zone.
Goals for this period are 1 for Sharks vs 0 for Predators.
Shots for this period are 5 for Sharks vs 7 for Predators.
2nd period
0:01 of 2nd period - Michael Grabner wins face-off versus David Legwand in neutral zone.
0:12 of 2nd period - Slapshot by David Legwand.
0:12 of 2nd period - Shot Misses the Net.
0:31 of 2nd period - Snap shot by Martin Samuelsson.
0:31 of 2nd period - Shot Misses the Net.
0:33 of 2nd period - Backhand shot by Brandon Yip.
0:33 of 2nd period - Shot Blocked by Josef Vasicek.
0:35 of 2nd period - Wrist shot by Antoine Vermette.
0:35 of 2nd period - Shot Misses the Net.
0:49 of 2nd period - Ted Purcell is hit by Oleg Saprykin and loses puck.
1:56 of 2nd period - Snap shot by Antoine Vermette.
1:56 of 2nd period - Shot Misses the Net.
2:06 of 2nd period - Shaone Morrisonn is hit by Barret Jackman and loses puck.
2:28 of 2nd period - Slapshot by Joe Thornton.
2:28 of 2nd period - Stopped by Tyler Weiman with a rebound.
2:30 of 2nd period - Slapshot by Alexander Ovechkin.
2:30 of 2nd period - Stopped by Tyler Weiman with a rebound.
2:32 of 2nd period - Slapshot by Ryan Mcdonagh.
2:32 of 2nd period - Stopped by Tyler Weiman without a rebound.
2:33 of 2nd period - Josef Vasicek wins face-off versus Antoine Vermette in Sharks zone.
2:34 of 2nd period - Slapshot by Alexander Edler.
2:34 of 2nd period - Shot Misses the Net.
2:57 of 2nd period - David Legwand is hit by Alexander Ovechkin and loses puck.
3:08 of 2nd period - Markus Naslund is hit by Michael Grabner.
4:46 of 2nd period - Slapshot by David Hale.
4:46 of 2nd period - Shot Misses the Net.
4:48 of 2nd period - Slapshot by Lasse Kukkonen.
4:48 of 2nd period - Deflect By Antoine Vermette.
4:48 of 2nd period - Stopped by Kari Lehtonen with a rebound.
5:30 of 2nd period - Icing by Ryan Mcdonagh.
5:31 of 2nd period - David Legwand wins face-off versus Andy Miele in Predators zone.
6:08 of 2nd period - Minor Penalty to Joe Thornton for Boarding.
6:09 of 2nd period - David Legwand wins face-off versus Michael Grabner in Predators zone.
6:14 of 2nd period - Slapshot by David Legwand.
6:14 of 2nd period - Shot Misses the Net.
6:16 of 2nd period - Wrist shot by Lasse Kukkonen.
6:16 of 2nd period - Shot Misses the Net.
6:24 of 2nd period - Slapshot by Alex Pietrangelo.
6:24 of 2nd period - Stopped by Kari Lehtonen with a rebound.
7:54 of 2nd period - Alex Pietrangelo is hit by Oleg Saprykin and loses puck.
8:08 of 2nd period - Penalty to Joe Thornton is over, Joe Thornton is back on ice.
8:19 of 2nd period - Slapshot by Andy Miele.
8:19 of 2nd period - Shot Misses the Net.
8:29 of 2nd period - Barret Jackman is hit by Adam Mair and loses puck.
8:54 of 2nd period - Curtis Glencross is hit by Paul Mara and loses puck.
9:05 of 2nd period - Ryan Mcdonagh is hit by Francis Bouillon and loses puck.
9:22 of 2nd period - Snap shot by Kris Vernarsky.
9:22 of 2nd period - Stopped by Tyler Weiman without a rebound.
9:23 of 2nd period - Kyle Wellwood wins face-off versus Kris Vernarsky in Sharks zone.
9:23 of 2nd period - Kyle Wellwood is hit by Kent Huskins.
9:33 of 2nd period - Minor Penalty to Ted Purcell for Holding.
9:34 of 2nd period - Joe Thornton wins face-off versus David Legwand in Sharks zone.
9:44 of 2nd period - Snap shot by Alexander Ovechkin.
9:44 of 2nd period - Stopped by Tyler Weiman with a rebound.
9:46 of 2nd period - Wrist shot by Alexander Ovechkin.
9:46 of 2nd period - Stopped by Tyler Weiman without a rebound.
9:47 of 2nd period - Joe Thornton wins face-off versus David Legwand in Sharks zone.
10:38 of 2nd period - Snap shot by Kyle Wellwood.
10:38 of 2nd period - Shot Misses the Net.
11:33 of 2nd period - Penalty to Ted Purcell is over, Ted Purcell is back on ice.
12:20 of 2nd period - Snap shot by Georges Laraque.
12:20 of 2nd period - Shot Blocked by Curtis Glencross.
12:26 of 2nd period - Slapshot by Ted Purcell.
12:26 of 2nd period - Shot Blocked by Andy Miele.
12:36 of 2nd period - Wrist shot by Markus Naslund.
12:36 of 2nd period - Shot Misses the Net.
12:38 of 2nd period - Wrist shot by Ted Purcell.
12:38 of 2nd period - Shot Misses the Net.
12:40 of 2nd period - Slapshot by Lasse Kukkonen.
12:40 of 2nd period - Deflect By Oleg Saprykin.
12:40 of 2nd period - Stopped by Kari Lehtonen without a rebound.
12:41 of 2nd period - Joe Thornton wins face-off versus Antoine Vermette in Predators zone.
12:56 of 2nd period - Wrist shot by Alexander Ovechkin.
12:56 of 2nd period - Shot Misses the Net.
13:40 of 2nd period - Jeremy Williams is hit by David Legwand.
14:38 of 2nd period - Alexander Ovechkin is hit by Kyle Wellwood and loses puck.
14:49 of 2nd period - Johnny Boychuk is hit by Georges Laraque and loses puck.
15:20 of 2nd period - Troy Brouwer is hit by Georges Laraque and loses puck.
15:59 of 2nd period - Wrist shot by Brandon Yip.
15:59 of 2nd period - Shot Misses the Net.
16:01 of 2nd period - Minor Penalty to Kent Huskins for Tripping.
16:02 of 2nd period - Joe Thornton wins face-off versus David Legwand in Predators zone.
16:13 of 2nd period - Backhand shot by David Legwand.
16:13 of 2nd period - Shot Misses the Net.
16:15 of 2nd period - Slapshot by Alex Pietrangelo.
16:15 of 2nd period - Sharks goal is going for a video replay.
16:15 of 2nd period - The goal is good.
16:15 of 2nd period - Goal by Alex Pietrangelo - Sharks : 2 - Predators : 0.
16:16 of 2nd period - Joe Thornton wins face-off versus David Legwand in neutral zone.
16:42 of 2nd period - Alexander Steen is hit by David Hale and loses puck.
16:50 of 2nd period - Icing by Josef Vasicek.
16:51 of 2nd period - Antoine Vermette wins face-off versus Josef Vasicek in Predators zone.
16:51 of 2nd period - Antoine Vermette is hit by Danny Richmond.
17:01 of 2nd period - Snap shot by Danny Richmond.
17:01 of 2nd period - Stopped by Tyler Weiman without a rebound.
17:02 of 2nd period - David Legwand wins face-off versus Joe Thornton in Sharks zone.
17:17 of 2nd period - Snap shot by Alexander Ovechkin.
17:17 of 2nd period - Shot Blocked by Lasse Kukkonen.
17:29 of 2nd period - Alexander Steen is hit by Lasse Kukkonen and loses puck.
17:53 of 2nd period - Icing by Johnny Boychuk.
17:54 of 2nd period - Andy Miele wins face-off versus Kyle Wellwood in Sharks zone.
17:57 of 2nd period - Slapshot by Oleg Saprykin.
17:57 of 2nd period - Goal by Oleg Saprykin - Sharks : 2 - Predators : 1.
17:58 of 2nd period - David Legwand wins face-off versus Joe Thornton in neutral zone.
17:58 of 2nd period - Daniel Alfredsson is hit by Joe Thornton and loses puck.
18:31 of 2nd period - Snap shot by Kyle Wellwood.
18:31 of 2nd period - Deflect By Ted Purcell.
18:31 of 2nd period - Stopped by Kari Lehtonen with a rebound.
18:33 of 2nd period - Minor Penalty to Joe Thornton for Holding.
18:34 of 2nd period - Michael Grabner wins face-off versus David Legwand in Predators zone.
18:55 of 2nd period - Alexander Edler is hit by David Legwand and loses puck.
19:25 of 2nd period - Alexander Steen is hit by David Legwand and loses puck.
Goals for this period are 1 for Sharks vs 1 for Predators.
Shots for this period are 5 for Sharks vs 8 for Predators.
3rd period
0:01 of 3rd period - Michael Grabner wins face-off versus David Legwand in neutral zone.
0:04 of 3rd period - Slapshot by Alexander Edler.
0:04 of 3rd period - Deflect By Alex Pietrangelo.
0:04 of 3rd period - Stopped by Tyler Weiman without a rebound.
0:05 of 3rd period - Michael Grabner wins face-off versus David Legwand in Sharks zone.
0:11 of 3rd period - Minor Penalty to Markus Naslund for Holding Stick.
0:12 of 3rd period - Kris Vernarsky wins face-off versus David Legwand in Sharks zone.
0:20 of 3rd period - Slapshot by Lasse Kukkonen.
0:20 of 3rd period - Deflect By Ryan Mcdonagh.
0:20 of 3rd period - Stopped by Kari Lehtonen without a rebound.
0:21 of 3rd period - David Legwand wins face-off versus Kris Vernarsky in Predators zone.
0:26 of 3rd period - Slapshot by Alex Pietrangelo.
0:26 of 3rd period - Shot Misses the Net.
0:33 of 3rd period - Penalty to Joe Thornton is over, Joe Thornton is back on ice.
0:33 of 3rd period - Off-side.
0:34 of 3rd period - David Legwand wins face-off versus Joe Thornton in neutral zone.
0:39 of 3rd period - Snap shot by David Legwand.
0:39 of 3rd period - Shot Misses the Net.
0:41 of 3rd period - Wrist shot by David Legwand.
0:41 of 3rd period - Shot Misses the Net.
0:43 of 3rd period - Slapshot by Johnny Boychuk.
0:43 of 3rd period - Shot Blocked by Ryan Mcdonagh.
0:45 of 3rd period - Slapshot by Lasse Kukkonen.
0:45 of 3rd period - Shot Blocked by Ryan Mcdonagh.
0:47 of 3rd period - Slapshot by Johnny Boychuk.
0:47 of 3rd period - Shot Blocked by Alexander Edler.
0:49 of 3rd period - Snap shot by David Legwand.
0:49 of 3rd period - Stopped by Kari Lehtonen with a rebound.
2:11 of 3rd period - Penalty to Markus Naslund is over, Markus Naslund is back on ice.
2:34 of 3rd period - Snap shot by Georges Laraque.
2:34 of 3rd period - Shot Blocked by Ted Purcell.
3:06 of 3rd period - Wrist shot by David Legwand.
3:06 of 3rd period - Stopped by Kari Lehtonen without a rebound.
3:07 of 3rd period - Andy Miele wins face-off versus David Legwand in Predators zone.
3:07 of 3rd period - Andy Miele is hit by Daniel Alfredsson.
3:21 of 3rd period - Snap shot by Markus Naslund.
3:21 of 3rd period - Stopped by Kari Lehtonen without a rebound.
3:22 of 3rd period - Antoine Vermette wins face-off versus Joe Thornton in Predators zone.
3:33 of 3rd period - Brandon Yip is hit by Danny Richmond and loses puck.
3:48 of 3rd period - Brandon Yip is hit by Danny Richmond and loses puck.
4:16 of 3rd period - Minor Penalty to Andy Miele for Slashing.
4:17 of 3rd period - David Legwand wins face-off versus Joe Thornton in Predators zone.
4:17 of 3rd period - Slapshot by Alex Pietrangelo.
4:17 of 3rd period - Shot Misses the Net.
5:47 of 3rd period - David Hale is hit by Alexander Steen and loses puck.
6:16 of 3rd period - Penalty to Andy Miele is over, Andy Miele is back on ice.
6:52 of 3rd period - Oleg Saprykin is hit by Curtis Glencross and loses puck.
7:10 of 3rd period - Kyle Wellwood is hit by Robyn Regehr and loses puck.
7:49 of 3rd period - Curtis Glencross is hit by Josef Vasicek and loses puck.
8:10 of 3rd period - Daniel Alfredsson is hit by Jeremy Williams and loses puck.
9:32 of 3rd period - Curtis Glencross is hit by Michael Grabner and loses puck.
9:45 of 3rd period - Markus Naslund is hit by Kent Huskins and loses puck.
11:48 of 3rd period - Snap shot by Antoine Vermette.
11:48 of 3rd period - Stopped by Kari Lehtonen with a rebound.
11:50 of 3rd period - Wrist shot by Shaone Morrisonn.
11:50 of 3rd period - Shot Misses the Net.
12:12 of 3rd period - Kent Huskins is hit by Brandon Yip and loses puck.
12:48 of 3rd period - Oleg Saprykin is hit by Martin Samuelsson and loses puck.
14:26 of 3rd period - Curtis Glencross is hit by Kris Vernarsky and loses puck.
15:24 of 3rd period - Joe Thornton is hit by Adam Mair and loses puck.
16:31 of 3rd period - Kent Huskins is hit by Brandon Yip and loses puck.
16:40 of 3rd period - Brandon Yip is hit by Barret Jackman and loses puck.
17:05 of 3rd period - Markus Naslund is hit by Georges Laraque and loses puck.
17:50 of 3rd period - Robyn Regehr is hit by Johnny Boychuk and loses puck.
18:21 of 3rd period - Brad Boyes is hit by Adam Pardy and loses puck.
19:03 of 3rd period - Predators, Kari Lehtonen is pulled from the net.
19:07 of 3rd period - Snap shot by Joe Thornton.
19:07 of 3rd period - Shot Blocked by Ted Purcell.
19:23 of 3rd period - Snap shot by Joe Thornton.
19:23 of 3rd period - Shot Misses the Net.
19:33 of 3rd period - Snap shot by Oleg Saprykin.
19:33 of 3rd period - Stopped by Tyler Weiman without a rebound.
19:34 of 3rd period - John Tortorella call a timeout for Predators.
19:34 of 3rd period - David Legwand wins face-off versus Joe Thornton in Sharks zone.
19:56 of 3rd period - Icing by Ryan Mcdonagh.
19:57 of 3rd period - Kari Lehtonen from Predators was sent back in the game.
19:57 of 3rd period - Martin Samuelsson wins face-off versus Joe Thornton in Predators zone.
Goals for this period are 0 for Sharks vs 0 for Predators.
Shots for this period are 5 for Sharks vs 2 for Predators.
Output by the SimonT Hockey Simulator (STHS) for François Prévost -- Original Page W3C XHTML 1.0 Valid